 Dungeon Crawl Stone Soup version 0.26.1-11-gd32895ea62 (webtiles) character file.

Game seed: 3415647971812339781

119 infcreate the Sneak (level 4, -2/24 HPs)
             Began as a Vampire Enchanter on June 19, 2021.
             Slain by Natasha (6 damage)
             ... on level 2 of the Dungeon.
             The game lasted 00:09:44 (3077 turns).

infcreate the Sneak (Vampire Enchanter)             Turns: 3077, Time: 00:09:44

Health: -2/24      AC:  2    Str:  7    XL:     4   Next: 74%
Magic:  0/7        EV: 13    Int: 17    God:
Gold:   82         SH:  0    Dex: 15    Spells: 1/7 levels left

rFire    . . .     SeeInvis +   a - +1 dagger
rCold    + + .     Faith    .   (no shield)
rNeg     + + +     Spirit   .   b - +0 robe
rPois    ∞         Reflect  .   (no helmet)
rElec    .         Harm     .   (no cloak)
rCorr    .         Rampage  .   (no gloves)
Will     .....                  (no boots)
Stlth    +++++.....             (no amulet)
HPRegen  0.00/turn              (no ring)
MPRegen  0.10/turn              (no ring)

@: bloodless
A: fangs 3, see invisible, unbreathing
a: Bat Form, Revivify


You were on level 2 of the Dungeon.
You visited 1 branch of the dungeon, and saw 2 of its levels.

You collected 82 gold pieces.


Innate Abilities, Weirdness & Mutations

You do not regenerate when monsters are visible.
You are frail without blood (-20% HP).
You can heal yourself when you bite living creatures.
You are immune to poison.
You have razor-sharp teeth.
You have supernaturally acute eyesight. (SInv)
You can survive without breathing.


   Skills:
 + Level 0.9 Fighting
 * Level 2.2 Short Blades
 * Level 3.2 Dodging
 * Level 5.4 Stealth
 + Level 2.4 Spellcasting
 * Level 5.3 Hexes


You had one spell level left.
You knew the following spells:

 Your Spells              Type           Power        Failure   Level
c - Corona                Hex            22%          1%          1
e - Ensorcelled Hibernat  Hex/Ice        22%          10%         2
t - Confusing Touch       Hex            20%          6%          3

Your spell library contained the following spells:

 Spells                   Type           Power        Failure   Level
 Tukima's Dance           Hex            20%          6%          3
 Dazzling Flash           Conj/Hex       22%          19%         3

Inventory:

Hand Weapons
 a - a +1 dagger (weapon)
Armour
 b - a +0 robe (worn)
 n - a +0 helmet
Jewellery
 h - an uncursed amulet of magic regeneration {unknown}
Wands
 o - a wand of flame (13)
Scrolls
 c - 2 scrolls of teleportation {@r4}
 g - a scroll of remove curse {unknown}
 i - 2 scrolls of identify {unknown}
 j - a scroll of immolation {unknown}
 k - a scroll of fear {unknown}
 q - a scroll of magic mapping {unknown}
Potions
 d - 2 potions of brilliance {unknown}
 e - a potion of lignification {unknown}
 f - 2 potions of curing {unknown}
 l - a potion of resistance {unknown}
 m - a potion of cancellation {unknown}
 p - 2 potions of ambrosia {unknown}

Dungeon Overview and Level Annotations

Branches:
Dungeon (2/15)

Altars:

Annotations:
D:2 Natasha

#..#▒....▒▒..▒▒▒▒▒▒##
#.##▒....▒▒..▒......#
#
##.##▒▒▒▒▒▒▒..▒#.#####
# #..#..# ▒..▒#.# ###
####.##.## ▒.5▒#.# #..
#....##.#
▒▒)▒#.###########.#
#.......#
#..##..............
#....####
##h########.....>.#
######
####@#######..#######
#....()......##
#........#####
#...(....# #........#
#........# #........#
#........# #........#


You could see Natasha and a crimson imp (summoned).


Message History

The shadow imp barely misses you. The white imp spits at you.
The shadow imp hits you.
* * * LOW HITPOINT WARNING * * *
Natasha mumbles some strange words.
There is an open door here.
Your magical contamination has completely faded away.
You see here a worm corpse.
There is an open door here.
Natasha mumbles some strange words.
You feel disoriented.
There is an open door, spattered with blood here.
You see here a +0 club.
The shadow imp disappears in a puff of smoke!
Natasha stares at you and mumbles some strange words.
The magic dart hits you!
* * * LOW HITPOINT WARNING * * *
Casting: Confusing Touch (quite dangerous; 6% risk of failure)
Confirm with . or Enter, or press ? or * to list all spells.
Aiming: Ensorcelled Hibernation (safe; 10% risk of failure)
Press: ? - help, Shift-Dir - straight line, f/p - Natasha
Aim: Natasha (grey smoke, lightly wounded, chance to affect: 42%) Natasha resists with some effort.
Casting: Ensorcelled Hibernation (safe; 10% risk of failure)
Confirm with . or Enter, or press ? or * to list all spells.
Aiming: Ensorcelled Hibernation (safe; 10% risk of failure)
Press: ? - help, Shift-Dir - straight line, f/p - Natasha
Aim: Natasha (lightly wounded, chance to affect: 42%) Natasha resists with some effort.
Natasha claws you.
You die...

Skill      XL: |  1  2  3 |
---------------+----------+-----
Stealth        | 5 |  5.4
Hexes          | 5 |  5.3
Short Blades   | 2 |  2.2
Dodging        | 3 |  3.2
Fighting       | |  0.9
Spellcasting   | |  2.4

Action                   |  1- 3 |  4- 6 || total
-------------------------+-------+-------++-------
Melee: Dagger            |    53 |    41 ||    94
       Bite              |     3 |     2 ||     5
 Cast: Corona            |     8 |     3 ||    11
       Ensorcelled Hiber |    16 |    28 ||    44
       Confusing Touch   |       |     2 ||     2
 Abil: Exsanguinate      |     1 |       ||     1
  Use: Scroll            |     1 |       ||     1
 Stab: Sleeping          |    21 |    13 ||    34
       Confused          |       |     1 ||     1
Armor: Robe              |     7 |    22 ||    29
Dodge: Dodged            |    38 |    62 ||   100

Levels and vault maps discovered:
D:1:      matt_arrival_grand_opening, layout_basic
D:2:      minmay_chambers_of_twos, layout_rooms, minmay_crystal_room,
          minmay_surrounded, uniq_natasha, uniq_robin

Notes
Turn   | Place    | Note
-------+----------+-------------------------------------------
     0 | D:1      | infcreate the Vampire Enchanter began the quest for the
                  | Orb.
     0 | D:1      | Reached XP level 1. HP: 13/13 MP: 3/3
   413 | D:1      | Reached XP level 2. HP: 15/15 MP: 3/5
   416 | D:1      | Learned a level 2 spell: Ensorcelled Hibernation
  1441 | D:2      | Reached skill level 5 in Stealth
  1441 | D:2      | Reached XP level 3. HP: 14/20 MP: 1/6
  1684 | D:2      | Reached skill level 5 in Hexes
  1783 | D:2      | Noticed Natasha
  1786 | D:2      | Killed Natasha
  1787 | D:2      | Reached skill level 2 in Short Blades
  1787 | D:2      | Reached skill level 3 in Dodging
  1787 | D:2      | Reached XP level 4. HP: 24/24 MP: 7/7
  1791 | D:2      | Learned a level 3 spell: Confusing Touch
  2280 | D:2      | Noticed Robin
  2313 | D:2      | Noticed Natasha
  2909 | D:2      | Killed Robin
  3077 | D:2      | Slain by Natasha

Vanquished Creatures
  Natasha (D:2)
  Robin (D:2)
  2 adders (D:2)
  An ooze (D:1)
  A dart slug (D:2)
  4 worms (D:2)
  A leopard gecko (D:1)
  5 giant cockroaches
  5 hobgoblins
  3 kobolds
  5 bats
  3 frilled lizards (D:2)
  11 goblins
  7 rats
50 creatures vanquished.

Table legend: (Time is in decaauts)
 A = Elapsed time spent in this place.
 B = Non-inter-level travel time spent in this place.
 C = Inter-level travel time spent in this place.
 D = Time resting spent in this place.
 E = Time spent auto-exploring this place.
 F = Levels seen in this place.
 G = Mean time per level.
                   A        B        C        D        E       F      G
               +--------+--------+--------+--------+--------+-----+--------+
         Total |   3073 |   2748 |    325 |   1110 |      0 |   2 | 1536.5 |
       Dungeon |   3073 |   2748 |    325 |   1110 |      0 |   2 | 1536.5 |
               +--------+--------+--------+--------+--------+-----+--------+

Top non-repeatable levels by time:
     D:2: 1617 daAuts
     D:1: 1455 daAuts

Table legend:
 A = Non-vault XP
 B = Vault XP
 C = Vault XP percentage of total XP
 D = Non-vault monster count
 E = Vault monster count
 F = Vault count percentage of total count
                 A         B        C        D         E       F
            +---------+---------+-------+---------+---------+-------
      Total |      53 |     118 |  69.0 |      24 |      26 |  52.0
            +---------+---------+-------+---------+---------+-------
        D:1 |      31 |       6 |  16.2 |      17 |       3 |  15.0
        D:2 |      22 |     112 |  83.6 |       7 |      23 |  76.7
            +---------+---------+-------+---------+---------+-------
